Map: Triton LE

Players

Elazer - Winner!

  • Race: Zerg Zerg
  • Spawn Location: 11:00

Clem

  • Race: Terran Terran
  • Spawn Location: 5:00

VOD

Have the link to the VOD?

Description

Time

  • Played on: Sept. 6, 2019, 8:06 p.m.
  • Length: 7:07
Show
View Real Time Build Order
Export as new Build Order

Elazer Zerg - Winner!

Build Orders: Hatch First 

Get SALT Encoding   

  12  0:00  Drone  
  13  0:12  Overlord  
  13  0:17  Drone  
  14  0:31  Drone x2  
  16  0:48  Hatchery  
  15  0:51  Drone  
  15  0:55  Drone  
  17  0:58  Drone  
  18  1:08  Extractor  
  17  1:12  Spawning Pool  
  17  1:17  Drone  
  17  1:20  Drone  
  18  1:28  Drone  
  19  1:39  Drone  
  20  1:56  Drone  
  20  1:59  Queen  
  20  2:00  Queen, Zergling x2  
  20  2:01  Zergling x2  
  27  2:03  Spine Crawler  
  26  2:12  Extractor  
  25  2:15  Evolution Chamber  
  25  2:17  Zergling x2  
  25  2:20  Zergling x2  
  26  2:27  Zergling x2  
  28  2:33  Extractor  
  28  2:36  Spore Crawler  
  24  2:42  Metabolic Boost  
  24  2:43  Queen  
  28  2:47  Overlord  
  28  3:05  Queen  
  30  3:09  Zergling x10  
  30  3:12  Zergling x2  
  35  3:24  Queen, Extractor  
  37  3:28  Overlord  
  37  3:46  Drone x5  
  37  3:48  Drone  
  43  3:51  Drone  
  44  3:58  Overlord  
  44  4:08  Lair  
  43  4:18  Drone x5  
  43  4:22  Drone x2  
  50  4:27  Drone  
  51  4:35  Roach Warren  
  51  4:36  Extractor  
  51  4:37  Drone x2  
  51  4:42  Overlord  
  51  4:46  Extractor  
  51  4:50  Overlord  
  51  4:51  Drone  
  51  4:53  Overlord  
  51  5:16  Nydus Network, Roach  
  51  5:17  Roach x5  
  62  5:23  Roach x3  
  62  5:28  Overlord  
  68  5:33  Overlord  
  68  5:41  Overlord  
  66  5:44  Roach x2  
  70  5:52  Nydus Canal  
  70  5:55  Roach x2  
  71  5:58  Roach  
  71  6:00  Roach  
  71  6:05  Roach  
  73  6:11  Roach  
  73  6:12  Roach  
  73  6:14  Roach  
  73  6:17  Roach  
  75  6:27  Queen, Nydus Canal  
  75  6:31  Queen  
  79  6:37  Roach  
  79  6:38  Roach  
  77  6:46  Roach x3  
  75  6:52  Spore Crawler  
Show
View Real Time Build Order
Export as new Build Order

Clem Terran 

Build Orders:  

Get SALT Encoding   

  12  0:00  SCV  
  13  0:12  SCV  
  14  0:18  Supply Depot  
  14  0:24  SCV  
  15  0:40  Barracks  
  15  0:44  Refinery  
  15  0:56  Barracks  
  15  1:00  SCV  
  16  1:12  SCV  
  17  1:27  Reaper  
  17  1:28  Orbital Command  
  17  1:31  Refinery  
  18  1:41  Supply Depot  
  18  1:45  Reaper  
  19  1:57  Bunker  
  19  2:02  Reaper  
  19  2:08  SCV  
  21  2:17  Reaper  
  21  2:20  SCV  
  23  2:28  Factory  
  22  2:32  SCV  
  23  2:38  Reaper  
  24  2:47  SCV  
  24  2:49  Supply Depot  
  26  2:59  SCV  
  27  3:11  SCV  
  27  3:12  Reaper  
  29  3:13  Factory Reactor  
  29  3:16  Starport  
  28  3:24  SCV  
  29  3:36  SCV  
  29  3:38  Command Center  
  30  3:48  SCV  
  31  3:50  Hellion  
  31  3:53  Hellion  
  35  3:56  Medivac  
  37  4:03  Supply Depot  
  37  4:10  Fusion Core  
  37  4:16  Hellion  
  39  4:24  SCV  
  39  4:25  Hellion  
  39  4:28  Starport Tech Lab  
  42  4:36  SCV  
  43  4:40  Hellion  
  43  4:44  Supply Depot  
  45  4:46  Hellion  
  47  4:53  Orbital Command  
  47  4:58  SCV  
  47  5:09  Orbital Command  
  47  5:15  Battlecruiser  
  47  5:20  SCV  
  54  5:24  Hellion  
  56  5:30  Hellion  
  58  5:36  SCV  
  58  5:40  Barracks Tech Lab  
  59  5:43  SCV  
  59  5:44  Supply Depot  
  59  5:48  SCV  
  59  5:52  Hellion x2  
  61  6:04  SCV x2  
  59  6:16  SCV x2, Hellion  
  53  6:32  Marauder  
  58  6:38  SCV  
  58  6:39  SCV  
  33  6:50  SCV  
  34  6:54  SCV  
Tags
 
Matchup
TvZ
Spawn Locations
Cross Positions
Add a new tag
Caveats
  • Supply blocks, unpowered buildings, or Contaminate may cause inaccurate times.
  • Supply counts are checked every 10 seconds.